 Dungeon Crawl Stone Soup version 0.22-a0-247-gbddf880757 (webtiles) character file.

28174 Peterchen the Executioner (level 13, -1/76 HPs)
             Began as a Minotaur Berserker on Feb 27, 2018.
             Was an Elder of Trog.
             Slain by a smoke demon (2 damage)
             ... on level 3 of the Abyss.
             The game lasted 00:42:11 (12541 turns).

Peterchen the Executioner (Minotaur Berserker)     Turns: 12541, Time: 00:42:12

Health: -1/76      AC: 16    Str: 25    XL:     13   Next: 8%
Magic:  12/12      EV:  7    Int:  0    God:    Trog [****..]
Gold:   552        SH:  3    Dex: 15    Spells: 12/12 levels left

rFire    + + +     SeeInvis .   A - +5 war axe
rCold    . . .     Gourm    .   a - +0 buckler
rNeg     . . .     Faith    .   q - +0 plate armour
rPois    .         Spirit   .   O - +1 hat
rElec    +         Reflect  .   E - scarf {repulsion}
rCorr    .         Harm     .   M - +2 pair of gloves
MR       .....     Rnd*Tele +   G - +0 pair of boots
Stlth    ..........             J - amulet of magic regeneration
HPRegen  0.00/turn              r - +4 ring of slaying
MPRegen  0.38/turn              S - ring of Vaigil {*Contam *Corrode rElec rF+++ Dex+3}

@: liquid flames, berserk cooldown, slowed, lost intelligence, glowing, repel
missiles, very slow
A: retaliatory headbutt, horns 2, [deterioration 2], [dopey 2], [frail 2],
[inhibited regeneration], [teleportitis 2], [no potion heal 3]
a: Berserk, Trog's Hand, Brothers in Arms, Renounce Religion


You were on level 3 of the Abyss.
You worshipped Trog.
Trog was greatly pleased with you.
You were near starving.

You visited 1 branch of the dungeon, and saw 13 of its levels.
You visited the Abyss 1 time.
You visited 1 bazaar.
You also visited: Ice Cave.

You collected 1416 gold pieces.
You spent 864 gold pieces at shops.

Inventory:

Hand Weapons
 A - a +5 war axe (weapon)
Armour
 a - a +0 buckler (worn)
 q - a +0 plate armour (worn)
 E - a scarf of repulsion (worn)
 G - a +0 pair of boots (worn)
 L - +0 ice dragon scales
 M - a +2 pair of gloves (worn)
 O - a +1 hat (worn)
Jewellery
 o - an uncursed amulet of the acrobat
 r - a +4 ring of slaying (left hand)
 J - an amulet of magic regeneration (around neck)
 Q - an uncursed ring of stealth
 R - an uncursed ring of protection from fire
 S - the ring of Vaigil (right hand) {*Contam *Corrode rElec rF+++ Dex+3}
   (You found it in an ice cave)

   [ring of dexterity]

   It affects your dexterity (+3).
   It renders you almost immune to fire.
   It insulates you from electricity.
   It causes magical contamination when unequipped.
   It may corrode you when you take damage.
Wands
 b - a wand of scattershot (4)
 B - a wand of flame (19)
 C - a wand of paralysis (29)
 D - a wand of clouds (7)
 I - a wand of enslavement (15)
Scrolls
 d - 5 scrolls of remove curse
 e - 3 scrolls of enchant weapon
 f - a scroll of fear
 i - a scroll of teleportation
 k - 2 scrolls of amnesia
 p - a scroll of immolation
 t - a scroll of noise
 y - 3 scrolls of enchant armour
 K - a scroll of holy word
 N - a scroll of magic mapping
Potions
 g - 6 potions of heal wounds
 h - 4 potions of flight
 j - 3 potions of haste
 l - 3 potions of agility
 m - 6 potions of curing
 n - a potion of berserk rage {unknown}
 s - 3 potions of brilliance
 u - 3 potions of might
 w - a potion of cancellation {unknown}
 z - a potion of degeneration {unknown}
 F - a potion of ambrosia {unknown}
 H - 2 potions of lignification {unknown}
Comestibles
 c - 28 rations


   Skills:
 - Level 3.6 Fighting
 * Level 23.4 Axes
 - Level 2.4 Armour
 - Level 2.1 Dodging


You had 12 spell levels left.
You didn't know any spells.

Dungeon Overview and Level Annotations

Branches:
Dungeon (13/15)            Temple (0/1) D:6            Lair (0/6) D:8
    Orc (0/2) D:10
 Vaults: D:13-14

Altars:
Ashenzari
Elyvilon
Fedhas
Gozag
Kikubaaqudgha
Makhleb
Nemelex Xobeh
Okawaru
Ru
Trog
Uskayaw
Vehumet
Wu Jian
Xom
Yredelemnul

Shops:
D:4 ?   D:6 (   D:10 *   D:13 *%*


Innate Abilities, Weirdness & Mutations

You reflexively headbutt those who attack you in melee.
You have a pair of horns on your head.
[Your body often deteriorates upon taking damage.]
[You are very dopey. (Int -4)]
[You are very frail. (-20% HP)]
[You do not regenerate when monsters are visible.]
[You are sometimes teleported next to monsters.]
[Potions cannot restore your health.]


Message History

* * * LOW HITPOINT WARNING * * *
The wretched star pulses with an eldritch light!
You feel yourself wasting away.
You feel your body start to fall apart.
The smoke demon hits you but does no damage. x2
The smoke demon hits you.
* * * LOW HITPOINT WARNING * * *
You are covered in liquid flames!
* * * LOW HITPOINT WARNING * * *
The wretched star pulses with an eldritch light!
Your system completely rejects the healing effects of potions.
The smoke demon hits you but does no damage. x3
You can move again.
You see here a raiju corpse.
As you read the scroll of fear, it crumbles to dust.
You assume a fearsome visage.
The wretched star is unaffected.
The smoke demon is unaffected.
You are covered in liquid flames!
* * * LOW HITPOINT WARNING * * *
The smoke demon hits you.
You die...

# # . .
.#.#.#.# #
##...#.. # #
...#...###..
#..#.#....#
###...#..
#†..#.###
#*@.# .#. .
##3...# # #
##.#†..# .
##.....##.##
. ###..## .#
# # ## ... .
... # ##
####. ## h#


You could see a wretched star and a smoke demon.

Vanquished Creatures
  A tentacled starspawn (Abyss:3)
  Erolcha (D:10)
  A vault guard (D:13)
  An ice dragon (IceCv)
  A hydra (D:12)
  2 two-headed ogres
  The ghost of M4edhros the Martial Artist, a journeyman OpNe of Cheibriados (D:11)
  A hell hog (Abyss:3)
  Sonja (D:10)
  2 unseen horrors
  A glowing orange brain (Abyss:3)
  A harpy (shapeshifter) (D:12)
  A phantasmal warrior (Abyss:3)
  A manticore (D:11)
  An ugly thing (D:13)
  2 centaur zombies (D:13)
  Psyche (D:8)
  A gargoyle (D:12)
  2 rime drakes (IceCv)
  An ancient zyme (Abyss:3)
  The ghost of Execuda the Ruffian, an amateur TrHu (D:4)
  3 hellwings (Abyss:3)
  4 raiju (Abyss:3)
  7 slime creatures
  2 hippogriffs
  19 yaks
  A ynoxinul (Abyss:3)
  2 large abominations (Abyss:3)
  A vampire (D:9)
  3 wraiths
  A basilisk (D:13)
  A spatial vortex (Abyss:3)
  2 water moccasins
  6 orc warriors
  A phantom (D:9)
  21 ice beasts
  A black bear (D:12)
  6 ogres
  A centaur (D:7)
  A big kobold (D:9)
  6 bullfrogs
  A small abomination (Abyss:3)
  A wyvern zombie (D:11)
  2 wyvern skeletons (D:7)
  6 scorpions
  18 killer bees
  8 howler monkeys
  5 wights (D:13)
  12 crimson imps
  2 quasits
  A bullfrog zombie (D:5)
  2 centaur skeletons
  2 jellies (D:5)
  4 orc priests
  5 hounds
  Crazy Yiuf (D:2)
  4 bullfrog skeletons
  A gnoll shaman (D:9)
  3 iguanas
  An iron imp (Abyss:3)
  8 orc wizards
  9 worker ants
  2 killer bee zombies
  A hound skeleton (D:4)
  A worker ant zombie (D:6)
  7 gnolls
  A howler monkey skeleton (D:8)
  8 adders
  3 shadow imps
  2 white imps (D:12)
  An ooze (D:4)
  2 adder skeletons
  2 worms (D:3)
  A dart slug (D:3)
  2 leopard geckos
  35 orcs
  5 bats
  5 giant cockroaches
  2 hobgoblins
  17 jackals
  5 quokkas
  2 ball pythons
  2 frilled lizards
  3 goblins
  8 kobolds
  A leopard gecko zombie (D:6)
  A quokka zombie (D:9)
  11 rats
340 creatures vanquished.

Vanquished Creatures (collateral kills)
  An ice dragon (IceCv)
  Nergalle (D:10)
  2 ice statues (IceCv)
  A hog (shapeshifter) (Abyss:3)
  4 ice beasts (IceCv)
  6 centaurs (D:12)
15 creatures vanquished.

Vanquished Creatures (others)
  A hound (D:4)
  An adder (D:4)
  An orc (D:4)
  A giant cockroach (D:4)
4 creatures vanquished.

Grand Total: 359 creatures vanquished

Notes
Turn   | Place    | Note
-------+----------+-------------------------------------------
     0 | D:1      | Peterchen the Minotaur Berserker began the quest for the Orb.
     0 | D:1      | Reached XP level 1. HP: 19/19 MP: 0/0
    53 | D:1      | Reached skill level 4 in Axes
   153 | D:1      | Reached XP level 2. HP: 26/26 MP: 1/1
  1280 | D:2      | Found a runed door.
  1406 | D:2      | Found an opulent altar of Gozag.
  1406 | D:2      | Found a bloodstained altar of Trog.
  1411 | D:2      | Found a hide-covered altar of Uskayaw.
  1413 | D:2      | Found a sacrificial altar of Ru.
  1414 | D:2      | Found a blossoming altar of Fedhas.
  1538 | D:2      | Noticed Crazy Yiuf
  1542 | D:2      | Killed Crazy Yiuf
  1542 | D:2      | Reached skill level 5 in Axes
  1542 | D:2      | Reached XP level 3. HP: 25/31 MP: 2/2
  1652 | D:3      | Reached skill level 6 in Axes
  1652 | D:3      | Reached XP level 4. HP: 36/39 MP: 3/3
  1661 | D:3      | Reached ** piety under Trog
  2077 | D:4      | Found an iron altar of Okawaru.
  2084 | D:4      | Reached skill level 7 in Axes
  2084 | D:4      | Reached XP level 5. HP: 45/45 MP: 4/4
  2157 | D:4      | Noticed an ogre
  2168 | D:4      | Killed an ogre
  2168 | D:4      | Reached skill level 8 in Axes
  2168 | D:4      | Reached XP level 6. HP: 51/51 MP: 5/5
  2434 | D:4      | Found Deffeqacve's Magic Scroll Shoppe.
  2439 | D:4      | Bought a scroll of remove curse for 39 gold pieces
  2439 | D:4      | Bought a scroll of blinking for 97 gold pieces
  2439 | D:4      | Bought a scroll of identify for 26 gold pieces
  2595 | D:4      | Reached *** piety under Trog
  2595 | D:4      | Reached skill level 9 in Axes
  2599 | D:4      | Found a shimmering altar of Xom.
  2779 | D:4      | Noticed Execuda's ghost (amateur TrHu)
  2786 | D:4      | Killed Execuda's ghost
  2786 | D:4      | Reached skill level 10 in Axes
  2786 | D:4      | Reached XP level 7. HP: 57/57 MP: 6/6
  3002 | D:5      | Entered Level 5 of the Dungeon
  3260 | D:5      | Reached skill level 11 in Axes
  3323 | D:5      | Found an ornate altar of the Wu Jian Council.
  3410 | D:5      | Reached XP level 8. HP: 59/64 MP: 7/7
  3541 | D:5      | Found a white marble altar of Elyvilon.
  3593 | D:5      | Found a basalt altar of Yredelemnul.
  3835 | D:6      | Found a shimmering altar of Xom.
  3846 | D:6      | Reached skill level 12 in Axes
  3939 | D:6      | Found a staircase to the Ecumenical Temple.
  4135 | D:6      | Reached skill level 13 in Axes
  4136 | D:6      | Reached **** piety under Trog
  4187 | D:6      | Found Qiecot's Antique Weapon Emporium.
  4720 | D:7      | Noticed a hippogriff
  4725 | D:7      | Killed a hippogriff
  4725 | D:7      | Reached XP level 9. HP: 70/70 MP: 8/8
  4746 | D:7      | Reached skill level 14 in Axes
  4912 | D:7      | Found a radiant altar of Vehumet.
  4913 | D:7      | Found a burning altar of Makhleb.
  5122 | D:7      | Found a sparkling altar of Nemelex Xobeh.
  5245 | D:8      | Found an ancient bone altar of Kikubaaqudgha.
  5266 | D:8      | Noticed Psyche
  5273 | D:8      | Killed Psyche
  5273 | D:8      | Reached skill level 15 in Axes
  5643 | D:8      | Found a staircase to the Lair.
  5811 | D:9      | Reached skill level 16 in Axes
  5851 | D:9      | Found a shattered altar of Ashenzari.
  5896 | D:9      | Reached ***** piety under Trog
  5989 | D:9      | Reached XP level 10. HP: 36/77 MP: 9/9
  6339 | D:10     | Entered Level 10 of the Dungeon
  6452 | D:10     | Noticed Sonja
  6697 | D:10     | Noticed Nergalle
  6702 | D:10     | Noticed Erolcha
  6706 | D:10     | Killed Nergalle
  6707 | D:10     | Killed Erolcha
  6707 | D:10     | Reached skill level 17 in Axes
  6710 | D:10     | Killed Sonja
  6747 | D:10     | Noticed a two-headed ogre
  7545 | D:10     | Found an opulent altar of Gozag.
  7548 | D:10     | Found Gozag's Platinum Reserve.
  7681 | D:10     | Found a staircase to the Orcish Mines.
  7767 | D:11     | Reached skill level 18 in Axes
  7866 | D:11     | Noticed a two-headed ogre
  8109 | D:11     | Killed a two-headed ogre
  8109 | D:11     | Reached XP level 11. HP: 30/82 MP: 10/10
  8156 | D:11     | Noticed a six-headed hydra
  8419 | D:12     | Killed a seven-headed hydra
  8419 | D:12     | Reached skill level 19 in Axes
  9288 | D:11     | Noticed M4edhros's ghost (journeyman OpNe)
  9295 | D:11     | Killed M4edhros's ghost
  9850 | D:12     | Reached skill level 20 in Axes
 10106 | D:12     | Noticed a harpy
 10111 | D:12     | Killed a harpy
 10252 | D:12     | Killed an unseen horror
 10532 | D:12     | Noticed a two-headed ogre
 10536 | D:12     | Killed a two-headed ogre
 10601 | D:13     | Found Navieraw's Assorted Antiques.
 10603 | D:13     | Noticed a purple ugly thing
 10608 | D:13     | Killed a purple ugly thing
 10618 | D:13     | Noticed a vault guard
 10618 | D:13     | Noticed a vault guard
 10683 | D:13     | Reached skill level 21 in Axes
 10713 | D:13     | Killed an unseen horror
 10713 | D:13     | Reached XP level 12. HP: 90/90 MP: 11/11
 10761 | D:13     | Found Xenaming's Assorted Antiques.
 10837 | D:13     | Found a flickering gateway to a bazaar.
 10845 | Bazaar   | Entered a bazaar
 10845 | Bazaar   | Found Qetzum's Jewellery Shop.
 10845 | Bazaar   | Found Toogontobu's Distillery.
 10845 | Bazaar   | Found Ipal's General Store.
 10875 | Bazaar   | Found Dilewkin's Antique Weapon Boutique.
 10883 | Bazaar   | Found Miekleul's Antique Armour Boutique.
 10917 | Bazaar   | Bought a pair of embroidered gloves for 270 gold pieces
 10917 | Bazaar   | Bought an embroidered hat for 252 gold pieces
 10966 | Bazaar   | Bought a potion of heal wounds for 70 gold pieces
 11085 | D:13     | Found a frozen archway.
 11094 | D:13     | Found Wereff's Food Shop.
 11107 | IceCv    | Entered an ice cave
 11112 | IceCv    | Reached skill level 22 in Axes
 11539 | IceCv    | Noticed an ice dragon
 11540 | IceCv    | Noticed an ice dragon
 11555 | IceCv    | Killed an ice dragon
 11565 | IceCv    | Killed an ice dragon
 11813 | IceCv    | Got a clouded pewter ring
 11925 | IceCv    | Identified the ring of Vaigil {*Contam *Corrode rElec rF+++ Dex+3} (You found it in an ice cave)
 12128 | D:13     | Bought a transparent bone ring for 110 gold pieces
 12129 | D:13     | Identified the ring of Syndicalism {MR++ Int+4 Stlth+} (You bought it in a shop on level 13 of the Dungeon)
 12228 | D:13     | Killed a vault guard
 12251 | D:13     | Noticed a vault guard
 12259 | D:13     | Cast into level 3 of the Abyss (vault guard)
 12357 | Abyss:3  | Reached skill level 23 in Axes
 12377 | Abyss:3  | Found a radiant altar of Vehumet.
 12408 | Abyss:3  | Noticed a bone dragon
 12418 | Abyss:3  | Noticed a cacodemon
 12420 | Abyss:3  | Noticed a bone dragon
 12493 | Abyss:3  | Noticed a hell hog
 12504 | Abyss:3  | Killed a hell hog
 12511 | Abyss:3  | Reached XP level 13. HP: 42/95 MP: 12/12
 12524 | Abyss:3  | Noticed a tentacled starspawn
 12525 | Abyss:3  | Killed a tentacled starspawn
 12538 | Abyss:3  | Lost intelligence.
 12539 | Abyss:3  | HP: 3/76 [smoke demon (2)]
 12541 | Abyss:3  | HP: 1/76 [burnt (1)]
 12541 | Abyss:3  | Slain by a smoke demon

Vault maps used:
D:1:      lemuel_arrival_hallway
D:2:      chequers_temple_overflow_minitemple, uniq_crazy_yiuf_cottage
D:4:      nicolae_overflow_hidden_temple, xom_confusion_cloud, serial_shops,
          shop
D:5:      kennysheep_ying_yang, basic_altar, first_ration,
          minmay_splitting_lines
D:6:      temple_statues, basic_altar, serial_shops, shop, corexii_checkpoint_a
D:7:      grunt_temple_overflow_lords_of_destruction, grunt_ogre_cave,
          nemelex_lonely_heart_becter
D:8:      kiku_gazebo_garden_becter, lair_entry_dummy, corexii_corridor_pit,
          uniq_psyche
D:9:      evilmike_ruin_ashenzari
D:10:     orc_0_dummy, nicolae_gozag_zags_fifth_avenue, uniq_sonja,
          uniq_nergalle, uniq_erolcha
D:12:     minmay_nine_imps
D:13:     grunt_vaults_entry_fortified, portal_ice_cave_entry_ice_beasts,
          serial_shops, bzr_entry_safe, kennysheep_mini,
          nicolae_shop_overgrown_old_shop, kennysheep_mini_moat, shop_statue
Abyss:3:  evilmike_abyss_exit_12, lemuel_flamethrower_2
Bazaar:   bazaar_lake
IceCv:    ice_cave_small_dragons

Skill      XL: |  1  2  3  4  5  6  7  8  9 10 11 12 |
---------------+-------------------------------------+-----
Axes           | 4 5 6 7 8 10 11 13 16 18 21 23 | 23.4
Fighting       | |  3.6
Armour         | |  2.4
Dodging        | |  2.1

Action                   |  1- 3 |  4- 6 |  7- 9 | 10-12 | 13-15 || total
-------------------------+-------+-------+-------+-------+-------++-------
Melee: Hand axe          |    27 |       |       |       |       ||    27
       Headbutt          |    13 |    18 |    46 |    95 |     5 ||   177
       War axe           |    31 |   105 |   249 |   430 |    19 ||   834
Invok: Berserk           |       |     2 |     6 |    16 |       ||    24
       Trog's Hand       |       |     1 |       |     8 |     1 ||    10
       Brothers in Arms  |       |       |       |     9 |     1 ||    10
Evoke: Wand              |       |       |       |     9 |       ||     9
  Use: Scroll            |       |     6 |       |    16 |     1 ||    23
       Potion            |       |       |       |     3 |     2 ||     5
 Stab: Distracted        |       |       |       |       |     2 ||     2
  Eat: Chunk             |     1 |     6 |    17 |    34 |       ||    58
       Ration            |       |       |       |     2 |       ||     2
Armor: Animal skin       |     9 |       |       |       |       ||     9
       Plate armour      |    19 |    74 |   121 |   193 |    19 ||   426
Dodge: Dodged            |    26 |    43 |    66 |   143 |     7 ||   285
       Deflected         |       |       |     4 |    12 |     1 ||    17
Block: Buckler           |       |       |     7 |    49 |     2 ||    58

Table legend:
 A = Spawn XP
 B = Non-spawn XP
 C = Spawn XP percentage of total XP
 D = Spawn monster count
 E = Non-spawn monster count
 F = Spawn count percentage of total count
 G = Total turns spent on level
                    A         B        C        D         E        F      G
               +---------+---------+-------+---------+---------+-------+---------
         Total |    3680 |   36569 |   9.1 |      12 |     342 |   3.4 | 12541
               +---------+---------+-------+---------+---------+-------+---------
           D:1 |       0 |      24 |   0.0 |       0 |      17 |   0.0 |   681
           D:2 |       0 |      44 |   0.0 |       0 |       4 |   0.0 |   904
           D:3 |       0 |     109 |   0.0 |       0 |      33 |   0.0 |   492
           D:4 |       0 |     840 |   0.0 |       0 |      26 |   0.0 |   925
           D:5 |       0 |     620 |   0.0 |       0 |      14 |   0.0 |   807
           D:6 |       0 |     996 |   0.0 |       0 |      29 |   0.0 |   904
           D:7 |       0 |    1144 |   0.0 |       0 |      15 |   0.0 |   449
           D:8 |       0 |    1116 |   0.0 |       0 |      19 |   0.0 |   627
           D:9 |       0 |    1285 |   0.0 |       0 |      22 |   0.0 |  1094
          D:10 |       0 |    2647 |   0.0 |       0 |      11 |   0.0 |   849
          D:11 |       0 |    5155 |   0.0 |       0 |      40 |   0.0 |  1343
          D:12 |       0 |    5818 |   0.0 |       0 |      37 |   0.0 |  1509
          D:13 |       0 |    9413 |   0.0 |       0 |      48 |   0.0 |   651
       Abyss:3 |    3680 |    2786 |  56.9 |      12 |       7 |  63.2 |   282
         IceCv |       0 |    4572 |   0.0 |       0 |      20 |   0.0 |   896
               +---------+---------+-------+---------+---------+-------+---------
